 Dungeon Crawl Stone Soup version 0.29-a0-330-g52719c12eb (webtiles) character file.

Game seed: 3469548737355016621

2 thiscave3701365 the Magician (level 1, 0/15 HPs)
             Began as a Djinni Hedge Wizard on Apr 12, 2022.
             Slain by a ball python (1 damage)
             ... on level 1 of the Dungeon.
             The game lasted 00:01:50 (43 turns).

thiscave3701365 the Magician (Djinni Hedge Wizard)    Turns: 43, Time: 00:01:51

Health: 0/15       AC:  2    Str:  9    XL:     1   Next: 44%
Gold:   0          EV:  9    Int: 15    God:
                   SH:  0    Dex: 12

rFire   + + .      SeeInvis .   a - +0 dagger
rCold   x . .      Faith    .   (no shield)
rNeg    . . .      Spirit   .   b - +0 robe
rPois   ∞          Reflect  .   c - +0 hat
rElec   .          Harm     .   (no cloak)
rCorr   .          Rampage  .   (no gloves)
Will    .....                   (boots unavailable)
Stlth   ++........              (no amulet)
HPRegen 0.05/turn               (no ring)
MPRegen 0.00/turn               (no ring)

@: flying, very slightly contaminated, constricted
A: sickness immunity, fire resistance 2, cold vulnerability 1, float, innate
caster, HP casting, extra vitality 1
a: no special abilities


You were on level 1 of the Dungeon.
You visited 1 branch of the dungeon, and saw 1 of its levels.

Inventory:

Hand Weapons
 a - a +0 dagger (weapon)
Armour
 b - a +0 robe (worn)
 c - a +0 hat (worn)


   Skills:
 + Level 2.2 Dodging
 + Level 1.5 Stealth
 + Level 2.5 Spellcasting


You couldn't memorise any spells.
You knew the following spells:

 Your Spells              Type           Power      Damage    Failure   Level
a - Magic Dart            Conj           36%        1d4       8%          1
b - Blink                 Tloc           18%        N/A       11%         2
c - Call Imp              Summ           9%         N/A       11%         2
d - Slow                  Hex            36%        N/A       8%          1
e - Conjure Flame         Conj/Fire      9%         6-21      22%         3
f - Mephitic Cloud        Conj/Pois/Air  9%         N/A       22%         3
Your spell library was empty.

Dungeon Overview and Level Annotations

Branches:
Dungeon (1/15)

Altars:


Innate Abilities, Weirdness & Mutations

You are immune to sickness and miasma.
You are immune to poison.
Your flesh is very heat resistant. (rF++)
You are vulnerable to cold. (rC-)
You float through the air rather than walking.
You learn spells naturally, not from books.
Your magical power is your life essence.
You have superior vitality. (+4 MHP)


Message History

You kill the bat!
* * * LOW HITPOINT WARNING * * *
The ball python bites you but does no damage.
The ball python grabs you. The ball python constricts you.
Casting: Magic Dart (safe; 8% risk of failure)
Confirm with . or Enter, or press ? or * to list all spells.
Aiming: Magic Dart (safe; 8% risk of failure)
Press: ? - help, Shift-Dir - straight line, f - ball python
Aim: a ball python (constricting you, 100% to hit)
The magic dart hits the ball python.
The ball python is heavily wounded.
* * * LOW HITPOINT WARNING * * *
The ball python bites you but does no damage.
The ball python constricts you.
* * * LOW HITPOINT WARNING * * *
Casting: Magic Dart (safe; 8% risk of failure)
Confirm with . or Enter, or press ? or * to list all spells.
You don't have enough health to cast this spell.
Unknown command.
Casting: Magic Dart (safe; 8% risk of failure)
Confirm with . or Enter, or press ? or * to list all spells.
You don't have enough health to cast this spell.
Casting: Magic Dart (safe; 8% risk of failure)
Confirm with . or Enter, or press ? or * to list all spells.
You don't know that spell.
Sorry, you're not good enough to have a special ability.
Casting: Magic Dart (safe; 8% risk of failure)
Confirm with . or Enter, or press ? or * to list all spells.
You don't have enough health to cast this spell.
Casting: Magic Dart (safe; 8% risk of failure)
Confirm with . or Enter, or press ? or * to list all spells.
Okay, then.
Unknown command.
There are monsters nearby!
There are monsters nearby!
You are too injured to fight recklessly!
You barely miss the ball python.
The ball python is heavily wounded.
The ball python bites you.
You die...

...............
...............
...............
...........†...
...........K...
.......K...K[..
#K# ###S###
#o#@#.# ###.###
#x#.#f# ###.###
#M#.#B# ###.###
#m#.#Q# ###.###
#p#.#N#


You could see an orc, a ball python and 2 kobolds.

Vanquished Creatures
  A bat (D:1)
  A hobgoblin (D:1)
2 creatures vanquished.

Notes
Turn   | Place    | Note
-------+----------+-------------------------------------------
     0 | D:1      | thiscave3701365 the Djinni Hedge Wizard began the quest for
                  | the Orb.
     0 | D:1      | Reached XP level 1. HP: 15/15 MP: 0/0
     2 | D:1      | Noticed an elf
     4 | D:1      | Noticed a minotaur
     4 | D:1      | Noticed a gargoyle
     6 | D:1      | Noticed an ogre
     8 | D:1      | Noticed a ghoul
     8 | D:1      | Noticed a demonspawn
    10 | D:1      | Noticed a human
    12 | D:1      | Noticed a dwarf
    12 | D:1      | Noticed a troll
    14 | D:1      | Noticed a vampire
    14 | D:1      | Noticed a spriggan
    16 | D:1      | Noticed a felid
    16 | D:1      | Noticed a draconian
    18 | D:1      | Noticed a demigod
    18 | D:1      | Noticed a naga
    20 | D:1      | Noticed a merfolk
    20 | D:1      | Noticed a tengu
    22 | D:1      | Noticed a formicid
    24 | D:1      | Noticed an octopode
    24 | D:1      | Noticed a vine stalker
    43 | D:1      | Slain by a ball python

Illustrated notes

Levels and vault maps discovered:
D:1:      kb_arrival_jail, layout_rooms, basic_ecumenical_altar

Action                   || total
-------------------------++-------
Melee: Dagger            ||     2
 Cast: Magic Dart        ||     8
Armor: Robe              ||     5
Dodge: Dodged            ||     5

Table legend: (Time is in decaauts)
 A = Elapsed time spent in this place.
 B = Non-inter-level travel time spent in this place.
 C = Inter-level travel time spent in this place.
 D = Time resting spent in this place.
 E = Time spent auto-exploring this place.
 F = Levels seen in this place.
 G = Mean time per level.
                   A        B        C        D        E       F      G
               +--------+--------+--------+--------+--------+-----+--------+
         Total |     43 |     43 |      0 |      0 |     29 |   1 |   43.0 |
       Dungeon |     43 |     43 |      0 |      0 |     29 |   1 |   43.0 |
               +--------+--------+--------+--------+--------+-----+--------+

Top non-repeatable levels by time:
     D:1: 43 daAuts
